AoeStats
← WGBS Nabilraz

Lombardia

507923935Analyzed
2v2 RM · 13d ago on Sep 20, 2026· 56m 33s· 4 players
Game mode
Random Map
Map size
Medium (4 player)
Population
200
Speed
Normal
Resources
Standard
Victory
Conquest
Starting age
Dark Age
Ending age
Imperial Age
RankedLock teamsTeams togetherTeam positionsShared explorationLock speedFull tech treeHidden civsTurbo modeCheats
Victory
Defeat
🇳🇿 Franks · New Zealand
1104
+15
🇳🇿 Vikings · New Zealand
1104
+15
🇹🇼 Magyars · Taiwan
1101
-15
🇪🇨 Spanish · Ecuador
1072
-15
5A
2:44 Loom
4:08 Loom
9:26 Feudal Age
12:27 Scale Barding Armor
13:08 Wheelbarrow
13:35 Gold Mining
17:17 Bloodlines
25:43 Horse Collar
29:44 Castle Age
27:48 Stone Mining
28:02 Double-Bit Axe
30:49 Chain Barding Armor
38:56 Husbandry
46:00 Imperial Age
El_Warnersito
10:20 Feudal Age
12:48 Wheelbarrow
12:07 Loom
12:58 Wheelbarrow
16:27 Castle Age
15:30 Stone Mining
16:14 Gold Mining
16:11 Double-Bit Axe
16:08 Horse Collar
18:48 Fletching
19:01 Padded Archer Armor
23:35 Leather Archer Armor
26:53 Bow Saw
26:45 Heavy Plow
27:16 Hand Cart
30:56 Town Watch
35:43 Imperial Age
34:34 Stone Shaft Mining
35:58 Elite Conquistador
37:00 Conscription
37:18 Caravan
38:09 Ring Archer Armor
42:57 Two-Man Saw
42:58 Bloodlines
42:49 Husbandry
43:54 Scale Barding Armor
44:00 Forging
43:57 Town Patrol
44:18 Scale Mail Armor
43:42 Cavalier
45:16 Chain Barding Armor
45:13 Gambesons
45:29 Squires
44:49 Pikeman
46:42 Chain Mail Armor
47:03 Iron Casting
46:58 Halberdier
48:15 Paladin
49:34 Plate Barding Armor
49:30 Plate Mail Armor
50:48 Supremacy
51:57 Hoardings
53:49 Blast Furnace
57:38 Blast Furnace
idk
9:49 Feudal Age
10:35 Loom
12:13 Fletching
13:02 Double-Bit Axe
22:38 Castle Age
21:42 Padded Archer Armor
22:47 Crossbowman
23:38 Bodkin Arrow
27:56 Bow Saw
29:19 Leather Archer Armor
30:46 Ballistics
39:30 Imperial Age
40:29 Arbalester
41:10 Bracer
41:28 Bogsveigar
42:20 Stone Mining
42:20 Gold Mining
43:58 Chemistry
44:50 Ring Archer Armor
45:16 Conscription
50:08 Two-Man Saw
WGBS Nabilraz
10:05 Feudal Age
12:53 Forging
12:48 Loom
18:34 Gold Mining
21:46 Castle Age
20:59 Double-Bit Axe
22:46 Wheelbarrow
22:42 Husbandry
23:03 Scale Barding Armor
27:14 Bow Saw
28:13 Chain Barding Armor
29:34 Hand Cart
30:26 Gold Shaft Mining
32:13 Iron Casting
41:28 Imperial Age
41:36 Cavalier
42:55 Plate Barding Armor
43:21 Blast Furnace
43:38 Paladin
Connection lost

Rejoining the realm…

Still unreachable

The connection could not be restored.

Session expired

The server has moved on; the page needs a fresh start.